Map: Ascension to Aiur LE

Players

Abdarrou - Winner!

  • Race: Terran Terran
  • League: Platinum
  • Spawn Location: 5:00

VOD

Have the link to the VOD?

Description

Uploaded for my self

Time

  • Played on: May 3, 2017, 9:04 a.m.
  • Length: 19:50
Show
View Real Time Build Order
Export as new Build Order

Abdarrou Terran - Winner!

Build Orders: Mech 

Get SALT Encoding   

  12  0:03  SCV  
  12  0:15  SCV  
  12  0:19  Supply Depot  
  12  0:27  SCV  
  12  0:40  SCV  
  12  0:52  SCV  
  12  1:05  SCV  
  12  1:07  Command Center  
  12  1:11  Refinery  
  12  1:17  SCV  
  12  1:25  Barracks  
  12  1:29  SCV  
  12  1:34  Refinery  
  12  1:41  SCV  
  12  1:48  Engineering Bay  
  12  1:53  SCV  
  12  2:05  Supply Depot, SCV  
  12  2:17  Orbital Command  
  12  2:21  SCV  
  12  2:31  Factory  
  12  2:35  Barracks Reactor  
  12  2:37  SCV  
  12  2:45  SCV  
  12  2:51  Refinery  
  12  2:52  SCV  
  12  2:58  SCV  
  12  3:04  Planetary Fortress  
  12  3:22  Barracks Tech Lab, SCV  
  12  3:23  Starport  
  12  3:27  Widow Mine x2  
  12  3:31  Refinery  
  12  3:34  SCV  
  12  3:41  SCV  
  12  3:45  Supply Depot  
  12  3:46  SCV  
  12  3:53  SCV  
  12  3:56  Widow Mine x2  
  12  3:58  SCV  
  12  4:04  Barracks Tech Lab  
  12  4:05  SCV, Supply Depot  
  12  4:08  Medivac  
  12  4:10  Cloaking Field, SCV  
  12  4:16  Hi-Sec Auto Tracking  
  12  4:18  SCV  
  12  4:23  SCV  
  12  4:25  Supply Depot  
  12  4:31  SCV  
  12  4:35  SCV  
  12  4:37  Siege Tank  
  12  4:38  Banshee  
  12  4:40  Marine  
  12  4:41  Marine  
  12  4:43  SCV  
  12  4:47  SCV  
  12  4:50  Supply Depot  
  12  4:56  SCV  
  12  4:59  Starport, SCV  
  12  5:00  Marine  
  12  5:01  Marine  
  12  5:09  Siege Tank  
  12  5:10  SCV  
  12  5:11  SCV  
  12  5:22  Building Armor  
  12  5:26  Liberator x2  
  12  5:29  SCV x2  
  12  5:31  Supply Depot  
  12  5:43  Stimpack  
  12  5:44  Supply Depot  
  12  5:48  Supply Depot  
  12  5:52  Siege Tank  
  12  5:54  Marine  
  12  5:56  SCV x2  
  12  5:59  Supply Depot  
  12  6:09  SCV x2  
  12  6:12  Marine  
  12  6:21  SCV x2, Starport Tech Lab  
  12  6:26  Medivac x2, Command Center  
  12  6:30  Marine  
  12  6:33  SCV x2  
  12  6:36  Supply Depot  
  12  6:37  Supply Depot  
  12  6:40  Armory  
  12  6:44  Corvid Reactor  
  12  6:46  Viking  
  12  6:47  Marine  
  12  6:49  SCV  
  12  6:50  SCV  
  12  6:56  Supply Depot  
  12  7:10  Factory  
  12  7:11  Factory  
  12  7:15  Hellion x2  
  12  7:17  Raven  
  12  7:27  Command Center  
  12  7:28  Terran Vehicle And Ship Armor Level 1  
  12  7:32  SCV x2  
  12  7:44  Raven, Hellion x2  
  12  7:47  Refinery, SCV x2  
  12  7:49  Refinery  
  12  7:55  Factory Reactor x2  
  12  8:00  Factory Tech Lab  
  12  8:01  SCV x2  
  12  8:03  Planetary Fortress  
  12  8:13  Hellion x2  
  12  8:19  Raven  
  12  8:22  Hellion  
  12  8:24  SCV x2  
  12  8:35  Hellion x2  
  12  8:36  Hellion x2  
  12  8:40  Supply Depot  
  12  8:41  Supply Depot  
  12  8:42  Supply Depot  
  12  8:44  Orbital Command  
  12  8:47  Command Center  
  12  8:50  Infernal Pre-Igniter  
  12  8:52  Hellion  
  12  8:53  Raven  
  12  8:57  Hellion  
  12  8:58  Hellion  
  12  8:59  Orbital Command  
  12  9:04  Raven  
  12  9:07  Hellion  
  12  9:08  Hellion  
  12  9:13  Hellion  
  12  9:14  Recalibrated Explosives  
  12  9:25  Hellion  
  12  9:26  Hellion, Command Center  
  12  9:34  Hellion x2  
  12  9:35  Hellion  
  12  9:36  Raven  
  12  9:38  Supply Depot  
  12  9:41  Supply Depot  
  12  9:47  Raven  
  12  9:48  Terran Vehicle And Ship Armor Level 2  
  12  9:55  Starport x2  
  12  9:57  Hellion x2  
  12  10:01  Hellion x2  
  12  10:03  Hellion  
  12  10:20  Hellion x2  
  12  10:21  Raven  
  12  10:33  Armory  
  12  10:34  Starport Tech Lab x2  
  12  10:36  Command Center  
  12  10:39  Orbital Command, Fusion Core  
  12  10:48  Planetary Fortress  
  12  10:53  Raven  
  12  10:54  Raven, Refinery  
  12  10:56  Hellion x4, Refinery  
  12  11:00  Hellion  
  12  11:07  Raven  
  12  11:24  Terran Ship Weapons Level 1  
  12  11:26  Weapon Refit  
  12  11:40  Command Center  
  12  11:41  Command Center  
  12  11:54  Raven  
  12  12:16  Battlecruiser  
  12  12:22  Battlecruiser  
  12  12:26  Battlecruiser  
  12  12:36  Command Center  
  12  12:40  Command Center  
  12  12:41  Starport, Terran Vehicle And Ship Armor Level 3  
  12  12:43  Starport  
  12  12:58  Planetary Fortress  
  12  13:43  Starport Reactor, Starport Tech Lab  
  12  13:50  Refinery  
  12  13:51  Refinery  
  12  14:02  Orbital Command x2  
  12  14:07  Planetary Fortress  
  12  14:09  Planetary Fortress  
  12  14:15  Terran Ship Weapons Level 2  
  12  14:57  Refinery  
  12  14:59  Refinery  
  12  15:19  Refinery  
  12  15:20  Refinery  
  12  15:55  Terran Vehicle Weapons Level 1  
  12  16:54  Terran Ship Weapons Level 3, Hellion x25  
  12  18:07  Hellion x12  
Tags
 
Add a new tag
Caveats
  • Supply blocks, unpowered buildings, or Contaminate may cause inaccurate times.
  • Supply counts are checked every 10 seconds.